 Dungeon Crawl Stone Soup version 0.20.0-10-g0535bb4 (webtiles) character file.

43 Jannitor the Gusty (level 3, -1/19 HPs)
             Began as a Kobold Air Elementalist on June 6, 2017.
             Slain by a gnoll (9 damage)
             ... on level 3 of the Dungeon.
             The game lasted 00:03:03 (2467 turns).

Jannitor the Gusty (Kobold Air Elementalist)        Turns: 2467, Time: 00:03:03

Health: -1/19      AC:  2    Str:  5    XL:     3   Next: 82%
Magic:  0/6        EV: 15    Int: 17    God:
Gold:   87         SH:  0    Dex: 15    Spells: 2/6 levels left

rFire    . . .     SeeInvis .   n - +0 short sword (vamp)
rCold    . . .     Gourm    .   (shield restricted)
rNeg     . . .     Faith    .   a - +0 robe
rPois    .         Spirit   .   (no helmet)
rElec    .         Reflect  .   (no cloak)
rCorr    .         Harm     .   (no gloves)
MR       .....                  (no boots)
Stlth    ++........             (no amulet)
Regen    0.1/turn               r - ring of flight
MPRegen  0.1/turn               (no ring)

@: no status effects
A: carnivore 3
a: Evoke Flight


You were on level 3 of the Dungeon.
You were not hungry.

You visited 1 branch of the dungeon, and saw 3 of its levels.

You collected 87 gold pieces.

Inventory:

Hand Weapons
 e - a +0 short sword
 n - a +0 vampiric short sword (weapon)
 v - a cursed -3 short sword
Armour
 a - a +0 robe (worn)
Jewellery
 r - a ring of flight (left hand)
Scrolls
 d - a scroll of remove curse {unknown}
 g - a scroll of fear {unknown}
 h - 2 scrolls of identify {unknown}
 i - 3 scrolls of immolation {unknown}
 j - 2 scrolls of random uselessness {unknown}
 p - a scroll of enchant armour {unknown}
 s - 2 scrolls of blinking {unknown}
 t - a scroll of recharging {unknown}
 w - a scroll of magic mapping {unknown}
Potions
 f - 3 potions of curing {unknown}
 k - a potion of brilliance {unknown}
 m - a potion of mutation {unknown}
 o - a potion of lignification {unknown}
 q - a potion of agility {unknown}
 u - 3 potions of degeneration {unknown}
Books
 b - a book of Air

   Spells                             Type                      Level
   a - Shock                          Conjuration/Air              1
   b - Swiftness                      Charms/Air                   2
   c - Static Discharge               Conjuration/Air              3
   d - Airstrike                      Air                          4
   e - Lightning Bolt                 Conjuration/Air              5
Comestibles
 c - 3 meat rations
 l - 3 royal jellies


   Skills:
 - Level 2.4 Dodging
 - Level 2.6 Stealth
 - Level 2.1 Spellcasting
 - Level 1.0 Conjurations
 + Level 4.4 Air Magic


You had 2 spell levels left.
You knew the following spells:

 Your Spells              Type           Power        Failure   Level  Hunger
a - Shock                 Conj/Air       ##..         6%          1    #......
b - Static Discharge      Conj/Air       ##......     19%         3    ###....


Dungeon Overview and Level Annotations

Branches:
Dungeon (3/15)

Altars:

Annotations:
D:3 Edgeworth's ghost, amateur TrMo


Innate Abilities, Weirdness & Mutations

You are small and have problems with some larger weapons.
You are carnivorous and can eat meat at any time.


Message History

The zap hits the gnoll.
The gnoll appears unharmed.
The gnoll is severely wounded.
The gnoll hits you.
Casting: Shock
Confirm with . or Enter, or press ? or * to list all spells.
Aiming: Shock
Press: ? - help, Shift-Dir - straight line The zap hits the gnoll.
The gnoll is severely wounded.
The zap hits the gnoll.
The gnoll appears unharmed.
The gnoll is severely wounded.
The gnoll hits you.
Casting: Shock
Confirm with . or Enter, or press ? or * to list all spells.
Aiming: Shock
Press: ? - help, Shift-Dir - straight line The zap misses the gnoll.
The zap hits the gnoll.
The gnoll is almost dead.
The gnoll hits you!
You die...

#.....# ##.....#.#
#.....## #........# #
##.#...# #........# #
#.#.#.# #........# #
#.#.#.# #....##..# #
..#.#.# ####.##..# #
# #.#.# ##.##..###
#.#+#### #.....)...
#..g@..# #....#####
#......#####....#
#......#........#
#......#.####...#
#.....##.#......#
#####.##.#......#####
#####.##.##..........
W!.#.##.........#...
#.#................


You could see a gnoll.

Vanquished Creatures
  2 gnolls (D:3)
  2 bats
  2 giant cockroaches (D:1)
  6 hobgoblins
  4 kobolds (D:1)
  3 frilled lizards
  2 goblins (D:1)
  A rat (D:2)
22 creatures vanquished.

Notes
Turn   | Place    | Note
-------+----------+-------------------------------------------
     0 | D:1      | Jannitor the Kobold Air Elementalist began the quest for the Orb.
     0 | D:1      | Reached XP level 1. HP: 10/10 MP: 3/3
   512 | D:1      | Reached XP level 2. HP: 12/15 MP: 1/5
  1764 | D:2      | Reached skill level 4 in Air Magic
  1764 | D:2      | Reached XP level 3. HP: 19/19 MP: 4/6
  2138 | D:2      | Learned a level 3 spell: Static Discharge
  2139 | D:3      | Noticed Edgeworth's ghost (amateur TrMo)
  2467 | D:3      | Slain by a gnoll

Skill      XL: |  1  2 |
---------------+-------+-----
Air Magic      | 4 |  4.4
Dodging        | |  2.4
Stealth        | |  2.6
Spellcasting   | |  2.1
Conjurations   | |  1.0

Action                   || total
-------------------------++-------
Melee: Short sword       ||    28
 Cast: Shock             ||    55
  Eat: Chunk             ||    11
Armor: Robe              ||     5
Dodge: Dodged            ||    27
